Description

Widow Mine harass to M&M&M

Replay - Catalyst LE (PvT) Defense of Widow Mine from SaltKing

Build Order

Get SALT Encoding   

  12  0:00  SCV  
  13  0:13  SCV  
  14  0:17  Supply Depot  
  14  0:25  SCV  
  15  0:31  Refinery  
  15  0:39  SCV  
  16  0:45  Barracks  
  16  0:51  SCV  
  17  1:03  SCV  
  18  1:15  SCV  
  19  1:32  Orbital Command, Reaper  
  20  1:43  Command Center  
  20  1:58  SCV  
  21  2:02  Factory  
  21  2:09  Barracks Reactor  
  21  2:10  SCV  
  22  2:17  Supply Depot  
  22  2:19  Refinery  
  22  2:23  SCV  
  25  2:51  Factory Reactor  
  25  2:52  Marine x2  
  25  2:57  Orbital Command  
  27  2:59  Starport  
  28  3:12  Marine x2  
  32  3:28  Widow Mine x2  
  32  3:30  Marine x2  
  39  3:35  Supply Depot x2  
  39  3:36  Medivac  
  43  3:48  Marine x2  
  46  3:57  Widow Mine x2  
  52  4:06  Medivac  
  56  4:19  Widow Mine x2  
  61  4:24  Supply Depot  
  62  4:33  Barracks x3  
  66  5:04  Marine x2  
  70  5:08  Refinery x2  
  70  5:09  Factory Tech Lab  
  71  5:15  Medivac x2  
  76  5:23  Command Center  
  75  5:40  Barracks Tech Lab x2  
  75  5:42  Siege Tank  
  72  5:43  Barracks Reactor  
  72  5:45  Medivac  
  77  6:04  Marauder x2  
  77  6:05  Combat Shields  
  77  6:06  Stimpack  
  84  6:23  Engineering Bay x2  
  87  6:28  Marauder x2  
  92  6:49  Marauder  
  92  6:53  Orbital Command  
  103  7:08  Siege Tank  
  103  7:09  Medivac x2  
  103  7:13  Terran Infantry Weapons Level 1, Terran Infantry Armor Level 1  
  110  7:18  Armory  
  110  7:19  Barracks x3  
  119  7:41  Viking  
  124  7:46  Viking  
  131  7:57  Marauder x2  
  136  7:58  Starport  
  136  8:02  Siege Tank  
  141  8:15  Refinery x2  
  141  8:22  Viking x2  
  141  8:25  Terran Vehicle Weapons Level 1  
  149  8:28  Barracks Tech Lab x3  
  152  8:41  Marauder  
  157  8:46  Marauder  
  163  8:49  Siege Tank  
  163  8:53  Viking x2  
  170  9:02  Viking  
  186  9:31  Viking x2  
  193  9:33  Siege Tank  
  193  9:35  Marauder  
Spawning Tool Build Advisor. Get it on Overwolf

Go to:

Details

  • Created by: silverhorn  
  • Published on: Jul 07, 2018
  • Modified on: Jul 07, 2018
  • Patch: 4.0.0
Show
View Real Time Build Order
Export as new Build Order

Comments (0)

There are no comments. Be the first!

Create an account to comment!